| TOP OF THE 1ST |
|
Lake County Captains batting - Pitching for Delmarva Shorebirds : RHP Nick Hoag
|
|
Pitching: RHP Nick Hoag
|
|
|
Batting: RHB Kenzo Shinoda
|
0-0: Ground out 6-3 (Groundball, 6, EV 93.8 MPH)
|
|
Batting: LHB Devon Grant
|
0-0: Ball 1-0: Ground out U3 (Groundball, 3, EV 94.4 MPH)
|
|
Batting: LHB Alberto Chavez
|
0-0: Called Strike 0-1: Ball 1-1: Ball 2-1: Foul Ball, location: 2F 2-2: Strikes out swinging
|
| Top of the 1st over - 0 runs, 0 hits, 0 errors, 0 left on base; Lake County 0 - Delmarva 0 |
| BOTTOM OF THE 1ST |
|
Delmarva Shorebirds batting - Pitching for Lake County Captains : LHP Victor Garcia
|
|
Pitching: LHP Victor Garcia
|
|
|
Batting: RHB Kaleb Yerger
|
0-0: DOUBLE (Line Drive, 9LS, EV 101.2 MPH)
|
|
Batting: RHB Lee Deason
|
0-0: Called Strike 0-1: Ball 1-1: Ball 2-1: Called Strike 2-2: Foul Ball, location: 2F 2-2: Strikes out looking
|
|
Batting: SHB Roger Holmes
|
0-0: Ball 1-0: Swinging Strike 1-1: Ground out 6-3 (Groundball, 6, EV 111.9 MPH)
|
|
Batting: RHB Danny Merrill
|
0-0: Ball 1-0: Ball 2-0: Called Strike 2-1: Ball 3-1: Called Strike 3-2: Base on Balls
|
|
Batting: SHB Jorge Brito
|
0-0: Ball 1-0: Called Strike 1-1: Called Strike 1-2: Ball 2-2: Foul Ball, location: 2F 2-2: Strikes out swinging
|
| Bottom of the 1st over - 0 runs, 1 hit, 0 errors, 2 left on base; Lake County 0 - Delmarva 0 |
| TOP OF THE 2ND |
|
Lake County Captains batting - Pitching for Delmarva Shorebirds : RHP Nick Hoag
|
|
Batting: LHB Danny Moreno
|
0-0: Ball 1-0: Ball 2-0: SOLO HOME RUN (Flyball, 9D, EV 99.4 MPH), Distance : 366 ft
|
|
Batting: RHB Jeremy Givens
|
0-0: Ball 1-0: Ball 2-0: Ground out 5-3 (Groundball, 56S, EV 90.0 MPH)
|
|
Batting: RHB Adrian Martinelli
|
0-0: Called Strike 0-1: Foul Ball, location: 2F 0-2: Ball 1-2: Ground out 6-3 (Groundball, 6, EV 100.0 MPH)
|
|
Batting: RHB Reynaldo Herrera
|
0-0: Ball 1-0: Called Strike 1-1: SINGLE (Flyball, 56D, EV 86.9 MPH) - OUT at second base trying to stretch hit.
|
| Top of the 2nd over - 1 run, 2 hits, 0 errors, 0 left on base; Lake County 1 - Delmarva 0 |
| BOTTOM OF THE 2ND |
|
Delmarva Shorebirds batting - Pitching for Lake County Captains : LHP Victor Garcia
|
|
Batting: LHB James Betron
|
0-0: Ball 1-0: DOUBLE (Flyball, 8RXD, EV 95.6 MPH)
|
|
Batting: RHB Francisco Viera
|
0-0: Ball 1-0: Foul Ball, location: 2F 1-1: Ball 2-1: Swinging Strike 2-2: Foul Ball, location: 2F 2-2: Foul Ball, location: 2F 2-2: Foul Ball, location: 2F 2-2: SINGLE (Groundball, 56S, EV 76.9 MPH) (infield hit) James Betron to third
|
|
Batting: LHB Justin Alworth
|
0-0: Called Strike 0-1: Fielders Choice at 2nd, 6-4 (Groundball, 6, EV 83.1 MPH) James Betron scores
|
|
Batting: SHB Jared Boyce
|
0-0: Fly out, F7 (Flyball, 7S, EV 90.0 MPH)
|
|
Batting: RHB Kaleb Yerger
|
0-0: Called Strike 0-1: Foul Ball, location: 2F 0-2: Ball 1-2: Ball 2-2: Ball 3-2: DOUBLE (Line Drive, 89XD, EV 107.5 MPH) Justin Alworth to third Justin Alworth scores
|
|
Batting: RHB Lee Deason
|
0-0: Foul Ball, location: 2F 0-1: Ball 1-1: Ball 2-1: Ball 3-1: SINGLE (Line Drive, 7LM, EV 101.2 MPH) Kaleb Yerger to third Runner from 3rd tries for Home, SAFE, throw by LF to home
|
|
Batting: SHB Roger Holmes
|
0-0: Ball 1-0: Ball 2-0: Swinging Strike 2-1: Foul Ball, location: 2F 2-2: Ball 3-2: Base on Balls Lee Deason to second
|
|
Batting: RHB Danny Merrill
|
0-0: Ground out U3 (Groundball, 3L, EV 77.5 MPH)
|
| Bottom of the 2nd over - 3 runs, 4 hits, 0 errors, 2 left on base; Lake County 1 - Delmarva 3 |
| TOP OF THE 3RD |
|
Lake County Captains batting - Pitching for Delmarva Shorebirds : RHP Nick Hoag
|
|
Batting: RHB David Schweitzer
|
0-0: Ball 1-0: Ball 2-0: Called Strike 2-1: Ball 3-1: Foul Ball, location: 2F 3-2: Fly out, F2 (Popup, 2LF, EV 92.5 MPH)
|
|
Batting: LHB Esteban Cordova
|
0-0: Ball 1-0: Ball 2-0: Fly out, F7 (Line Drive, 7, EV 91.9 MPH)
|
|
Batting: RHB Kenzo Shinoda
|
0-0: Swinging Strike 0-1: Ball 1-1: Called Strike 1-2: Ground out 6-3 (Groundball, 56D, EV 105.0 MPH)
|
| Top of the 3rd over - 0 runs, 0 hits, 0 errors, 0 left on base; Lake County 1 - Delmarva 3 |
| BOTTOM OF THE 3RD |
|
Delmarva Shorebirds batting - Pitching for Lake County Captains : LHP Victor Garcia
|
|
Batting: SHB Jorge Brito
|
0-0: Ball 1-0: Ball 2-0: Swinging Strike 2-1: Foul Ball, location: 2F 2-2: Ball 3-2: Foul Ball, location: 2F 3-2: Foul Ball, location: 2F 3-2: Strikes out swinging
|
|
Batting: LHB James Betron
|
0-0: Called Strike 0-1: Reached on error, E4 (Groundball, 4, EV 76.9 MPH)
|
|
Batting: RHB Francisco Viera
|
0-0: Ball 1-0: Called Strike 1-1: Ball 2-1: Called Strike 2-2: Fielders Choice at 2nd, 4-6 (Groundball, 4MS, EV 79.4 MPH)
|
|
Batting: LHB Justin Alworth
|
0-0: Swinging Strike 0-1: Ball Francisco Viera steals 2nd, throwing error, E2 Francisco Viera to third 1-1: Swinging Strike 1-2: Ball 2-2: Ball 3-2: Foul Ball, location: 2F 3-2: Base on Balls
|
|
Batting: SHB Jared Boyce
|
0-0: Ball 1-0: Foul Ball, location: 2F 1-1: Foul Ball, location: 2F 1-2: Ball 2-2: Ball 3-2: DOUBLE (Line Drive, 5D, EV 97.5 MPH) Francisco Viera scores Justin Alworth to third Justin Alworth scores
|
|
Batting: RHB Kaleb Yerger
|
0-0: Called Strike 0-1: Foul Ball, location: 2F 0-2: Foul Ball, location: 2F 0-2: Strikes out looking
|
| Bottom of the 3rd over - 2 runs, 1 hit, 2 errors, 1 left on base; Lake County 1 - Delmarva 5 |
| TOP OF THE 4TH |
|
Lake County Captains batting - Pitching for Delmarva Shorebirds : RHP Nick Hoag
|
|
Batting: LHB Devon Grant
|
0-0: Ball 1-0: Ball 2-0: Ground out 4-3 (Groundball, 4, EV 80.6 MPH)
|
|
Batting: LHB Alberto Chavez
|
0-0: Called Strike 0-1: Called Strike 0-2: Foul Ball, location: 2F 0-2: Ball 1-2: SINGLE (Groundball, 34D, EV 99.4 MPH)
|
|
Batting: LHB Danny Moreno
|
0-0: Ball 1-0: Called Strike 1-1: Called Strike 1-2: Ball 2-2: Ball 3-2: Foul Ball, location: 2F 3-2: Base on Balls Alberto Chavez to second
|
|
Batting: RHB Jeremy Givens
|
0-0: Ball 1-0: Swinging Strike 1-1: Grounds into double play, 6-4-3 (Groundball, 6, EV 98.8 MPH)
|
| Top of the 4th over - 0 runs, 1 hit, 0 errors, 1 left on base; Lake County 1 - Delmarva 5 |
| BOTTOM OF THE 4TH |
|
Delmarva Shorebirds batting - Pitching for Lake County Captains : LHP Victor Garcia
|
|
Pitching: RHP Ken Shear
|
|
|
Batting: RHB Lee Deason
|
0-0: Called Strike 0-1: SINGLE (Groundball, 56S, EV 66.2 MPH) (infield hit)
|
|
Batting: SHB Roger Holmes
|
0-0: Ball 1-0: Called Strike 1-1: Foul Ball, location: 2F 1-2: Fielders Choice at 2nd, 1-6 (Groundball, 34S, EV 68.1 MPH)
|
|
Batting: RHB Danny Merrill
|
0-0: Called Strike 0-1: Foul Ball, location: 2F 0-2: Ball 1-2: Strikes out swinging
|
|
Batting: SHB Jorge Brito
|
0-0: Called Strike 0-1: Fielders Choice at 2nd, 5-4 (Groundball, 5L, EV 86.9 MPH)
|
| Bottom of the 4th over - 0 runs, 1 hit, 0 errors, 1 left on base; Lake County 1 - Delmarva 5 |
| TOP OF THE 5TH |
|
Lake County Captains batting - Pitching for Delmarva Shorebirds : RHP Nick Hoag
|
|
Batting: RHB Adrian Martinelli
|
0-0: Called Strike 0-1: Ball 1-1: Ball 2-1: Swinging Strike 2-2: Strikes out looking
|
|
Batting: RHB Reynaldo Herrera
|
0-0: Called Strike 0-1: Ground out 6-3 (Groundball, 6, EV 104.4 MPH)
|
|
Batting: RHB David Schweitzer
|
0-0: Ball 1-0: SINGLE (Line Drive, 7LS, EV 96.2 MPH)
|
|
Batting: LHB Esteban Cordova
|
0-0: Called Strike David Schweitzer is caught stealing 2nd base 2-6
|
| Top of the 5th over - 0 runs, 1 hit, 0 errors, 0 left on base; Lake County 1 - Delmarva 5 |
| BOTTOM OF THE 5TH |
|
Delmarva Shorebirds batting - Pitching for Lake County Captains : RHP Ken Shear
|
|
Batting: LHB James Betron
|
0-0: Called Strike 0-1: Foul Ball, location: 2F 0-2: Ball 1-2: Hit by Pitch
|
|
Batting: RHB Francisco Viera
|
0-0: Ball 1-0: Ball 2-0: SINGLE (Flyball, 6MD, EV 94.4 MPH) James Betron to second
|
|
Batting: LHB Justin Alworth
|
0-0: Ball 1-0: Ball 2-0: Ball 3-0: Base on Balls James Betron to third Francisco Viera to second
|
|
Batting: SHB Jared Boyce
|
0-0: Ball 1-0: Ball 2-0: Ball 3-0: Called Strike 3-1: Swinging Strike 3-2: Base on Balls James Betron scores Francisco Viera to third Justin Alworth to second
|
|
Batting: RHB Kaleb Yerger
|
0-0: Ball Wild Pitch! Francisco Viera scores Justin Alworth to third Jared Boyce to second 1-0: Ball 2-0: Foul Ball, location: 2F 2-1: Fly out, F9 (Flyball, 9D, EV 82.5 MPH) Runner from 3rd tags up, SCORES, throw by RF Jared Boyce to third
|
|
Batting: RHB Lee Deason
|
0-0: Ball 1-0: Fly out, F7 (Flyball, 7, EV 83.8 MPH)
|
|
Batting: SHB Roger Holmes
|
0-0: Called Strike 0-1: Called Strike 0-2: Ball 1-2: Ball 2-2: Ball 3-2: Foul Ball, location: 2F 3-2: Foul Ball, location: 2F 3-2: Base on Balls
|
|
Batting: RHB Danny Merrill
|
0-0: Called Strike 0-1: Ball 1-1: Ball 2-1: Foul Ball, location: 2F 2-2: Fielders Choice at 2nd, U4 (Groundball, 4M, EV 86.2 MPH)
|
| Bottom of the 5th over - 3 runs, 1 hit, 0 errors, 2 left on base; Lake County 1 - Delmarva 8 |
| TOP OF THE 6TH |
|
Lake County Captains batting - Pitching for Delmarva Shorebirds : RHP Nick Hoag
|
|
Batting: LHB Esteban Cordova
|
0-0: Ball 1-0: Ball 2-0: Ball 3-0: Called Strike 3-1: Foul Ball, location: 2F 3-2: Base on Balls
|
|
Batting: RHB Kenzo Shinoda
|
0-0: Ball 1-0: Foul Ball, location: 2F 1-1: Ball 2-1: Ball 3-1: Swinging Strike 3-2: Foul Ball, location: 2F 3-2: SINGLE (Groundball, 6M, EV 101.2 MPH) (infield hit) Esteban Cordova to second
|
|
Batting: LHB Devon Grant
|
0-0: Called Strike 0-1: Ball 1-1: Foul Ball, location: 2F 1-2: Strikes out looking
|
|
Batting: LHB Alberto Chavez
|
0-0: Ball 1-0: SINGLE (Line Drive, 89S, EV 92.5 MPH) Esteban Cordova to third Kenzo Shinoda to second
|
|
Pitching: LHP Randy Yarrigle
|
|
|
Batting: LHB Danny Moreno
|
0-0: Ball 1-0: Ball 2-0: Hit by Pitch Esteban Cordova scores Kenzo Shinoda to third Alberto Chavez to second
|
|
Batting: RHB Jeremy Givens
|
0-0: Called Strike 0-1: Grounds into double play, 5-4-3 (Groundball, 56, EV 80.0 MPH)
|
| Top of the 6th over - 1 run, 2 hits, 0 errors, 2 left on base; Lake County 2 - Delmarva 8 |
| BOTTOM OF THE 6TH |
|
Delmarva Shorebirds batting - Pitching for Lake County Captains : RHP Ken Shear
|
|
Pitching: LHP Jordan Jimenez
|
|
|
Batting: SHB Jorge Brito
|
0-0: Foul Ball, location: 2F 0-1: Fly out, F5 (Popup, 25F, EV 81.9 MPH)
|
|
Batting: LHB James Betron
|
0-0: Ball 1-0: Ground out 4-3 (Groundball, 4, EV 80.0 MPH)
|
|
Batting: RHB Francisco Viera
|
0-0: Foul Ball, location: 2F 0-1: Ball 1-1: Swinging Strike 1-2: Strikes out looking
|
| Bottom of the 6th over - 0 runs, 0 hits, 0 errors, 0 left on base; Lake County 2 - Delmarva 8 |
| TOP OF THE 7TH |
|
Lake County Captains batting - Pitching for Delmarva Shorebirds : LHP Randy Yarrigle
|
|
Batting: RHB Adrian Martinelli
|
0-0: Called Strike 0-1: Called Strike 0-2: Ball 1-2: Foul Ball, location: 2F 1-2: Foul Ball, location: 2F 1-2: Strikes out swinging
|
|
Batting: RHB Reynaldo Herrera
|
0-0: Called Strike 0-1: Called Strike 0-2: Ball 1-2: Foul Ball, location: 2F 1-2: Foul Ball, location: 2F 1-2: Ball 2-2: Ball 3-2: Strikes out looking
|
|
Batting: RHB David Schweitzer
|
0-0: Swinging Strike 0-1: Called Strike 0-2: Ball 1-2: Ball 2-2: Fly out, F8 (Flyball, 8RM, EV 78.8 MPH)
|
| Top of the 7th over - 0 runs, 0 hits, 0 errors, 0 left on base; Lake County 2 - Delmarva 8 |
| BOTTOM OF THE 7TH |
|
Delmarva Shorebirds batting - Pitching for Lake County Captains : LHP Jordan Jimenez
|
|
Batting: LHB Justin Alworth
|
0-0: Ball 1-0: Called Strike 1-1: Ball 2-1: SINGLE (Groundball, 34D, EV 96.9 MPH)
|
|
Batting: SHB Jared Boyce
|
0-0: Swinging Strike 0-1: Called Strike 0-2: Foul Ball, location: 2F 0-2: Fly out, F7 (Flyball, 7S, EV 84.4 MPH)
|
|
Batting: RHB Kaleb Yerger
|
0-0: Ball 1-0: Ball 2-0: Ball 3-0: Called Strike 3-1: Foul Ball, location: 2F 3-2: Base on Balls Justin Alworth to second
|
|
Batting: RHB Lee Deason
|
0-0: Foul Ball, location: 2F 0-1: Ball 1-1: Ball 2-1: Ball 3-1: Fly out, F7 (Line Drive, 7LM, EV 97.5 MPH)
|
|
Batting: SHB Roger Holmes
|
0-0: Swinging Strike 0-1: Swinging Strike 0-2: Ball 1-2: Fly out, F8 (Flyball, 78D, EV 106.9 MPH)
|
| Bottom of the 7th over - 0 runs, 1 hit, 0 errors, 2 left on base; Lake County 2 - Delmarva 8 |
| TOP OF THE 8TH |
|
Lake County Captains batting - Pitching for Delmarva Shorebirds : LHP Randy Yarrigle
|
|
Batting: LHB Esteban Cordova
|
0-0: Ball 1-0: Called Strike 1-1: Ball 2-1: Foul Ball, location: 2F 2-2: Foul Ball, location: 2F 2-2: DOUBLE (Groundball, 3L, EV 103.1 MPH)
|
|
Batting: RHB Kenzo Shinoda
|
0-0: Swinging Strike 0-1: Ball 1-1: Ball 2-1: Ball 3-1: Ground out 5-3 (Groundball, 56, EV 103.1 MPH)
|
|
Pitching: RHP Shane Kruger
|
|
|
Batting: LHB Devon Grant
|
0-0: Ball 1-0: Ball 2-0: Foul Ball, location: 2F 2-1: Foul Ball, location: 2F 2-2: Foul Ball, location: 2F 2-2: SINGLE (Groundball, 5L, EV 81.9 MPH) (infield hit) Esteban Cordova to third
|
|
Batting: LHB Alberto Chavez
|
0-0: Swinging Strike 0-1: 3-RUN HOME RUN (Flyball, 89XD, EV 98.1 MPH), Distance : 395 ft
|
|
Batting: LHB Danny Moreno
|
0-0: Swinging Strike 0-1: Swinging Strike 0-2: Ball 1-2: Strikes out looking
|
|
Batting: RHB Jeremy Givens
|
0-0: Called Strike 0-1: Foul Ball, location: 2F 0-2: Strikes out looking
|
| Top of the 8th over - 3 runs, 3 hits, 0 errors, 0 left on base; Lake County 5 - Delmarva 8 |
| BOTTOM OF THE 8TH |
|
Delmarva Shorebirds batting - Pitching for Lake County Captains : LHP Jordan Jimenez
|
|
Pitching: RHP Brent Demby
|
|
|
Batting: RHB Danny Merrill
|
0-0: Called Strike 0-1: SINGLE (Groundball, 13S, EV 64.4 MPH) (infield hit)
|
|
Batting: SHB Jorge Brito
|
0-0: Ball 1-0: Called Strike Danny Merrill steals 2nd base 1-1: Ball 2-1: Foul Ball, location: 2F 2-2: Ground out 1-3 (Groundball, 34S, EV 76.2 MPH) Danny Merrill to third
|
|
Batting: LHB James Betron
|
0-0: Called Strike 0-1: Fly out, F9 (Flyball, 9, EV 78.1 MPH)
|
|
Batting: RHB Francisco Viera
|
0-0: Foul Ball, location: 2F 0-1: Foul Ball, location: 2F 0-2: Ball 1-2: Foul Ball, location: 2F 1-2: Ball 2-2: Fly out, F7 (Flyball, 78M, EV 75.6 MPH)
|
| Bottom of the 8th over - 0 runs, 1 hit, 0 errors, 1 left on base; Lake County 5 - Delmarva 8 |
| TOP OF THE 9TH |
|
Lake County Captains batting - Pitching for Delmarva Shorebirds : RHP Shane Kruger
|
|
Pitching: RHP Manny Rolfe
|
|
|
Now at 2B: Tom Edwards
|
|
|
Now at 3B: Lee Deason
|
|
|
Batting: RHB Adrian Martinelli
|
0-0: Ball 1-0: Foul Ball, location: 2F 1-1: Called Strike 1-2: Fly out, F8 (Flyball, 8LD, EV 101.2 MPH)
|
|
Batting: RHB Reynaldo Herrera
|
0-0: Ball 1-0: Ball 2-0: Called Strike 2-1: Foul Ball, location: 2F 2-2: Ground out 6-3 (Groundball, 6, EV 87.5 MPH)
|
|
Batting: RHB David Schweitzer
|
0-0: Called Strike 0-1: Swinging Strike 0-2: Ground out 4-3 (Groundball, 4, EV 81.9 MPH)
|
| Top of the 9th over - 0 runs, 0 hits, 0 errors, 0 left on base; Lake County 5 - Delmarva 8 |
|